 Dungeon Crawl Stone Soup version 0.25-a0-663-gace7076f2c (webtiles) character file.

Game seed: 3200430118856585002, levelgen mode: deterministic

64 ReteAZ the Ruffian (level 4, 0/40 HPs)
             Began as a Ghoul Fighter on Mar 24, 2020.
             Slain by a sky beast (1 damage)
             ... on level 3 of the Dungeon.
             The game lasted 00:01:20 (1716 turns).

ReteAZ the Ruffian (Ghoul Fighter)                  Turns: 1716, Time: 00:01:20

Health: 0/40       AC:  6    Str: 19    XL:     4   Next: 12%
Magic:  3/3        EV:  7    Int:  4    God:
Gold:   99         SH:  8    Dex:  8    Spells: 3/3 levels left

rFire    . . .     SeeInvis .     - Unarmed
rCold    + . .     Gourm    .   b - +0 kite shield
rNeg     + + +     Faith    .   a - +0 scale mail
rPois    ∞         Spirit   .   (no helmet)
rElec    .         Reflect  .   (no cloak)
rCorr    .         Harm     .   (no gloves)
MR       .....                  (no boots)
Stlth    ..........             (no amulet)
HPRegen  0.00/turn              (no ring)
MPRegen  0.08/turn              (no ring)

@: mighty, rotting
A: rotting body, claws 1, carnivore, cold resistance 1, negative energy
resistance 3, inhibited regeneration, torment resistance, unbreathing
a: no special abilities


You were on level 3 of the Dungeon.
You were not hungry.

You visited 1 branch of the dungeon, and saw 3 of its levels.

You collected 99 gold pieces.

Inventory:

Armour
 a - a +0 scale mail (worn)
 b - a +0 kite shield (worn)
Scrolls
 f - a scroll of teleportation {unknown}
 h - 2 scrolls of identify {unknown}
Potions
 e - a potion of degeneration {unknown}
 i - 2 potions of curing {unknown}
 j - 2 potions of magic {unknown}
 k - a potion of brilliance {unknown}
 l - a potion of stabbing {unknown}
 m - a potion of lignification {unknown}
Comestibles
 d - 3 rations
 g - 3 chunks of flesh


   Skills:
 + Level 4.0 Fighting
 - Level 2.6 Armour
 - Level 2.6 Shields
 * Level 4.1 Unarmed Combat


You had 3 spell levels left.
You didn't know any spells.
Your spell library was empty.

Dungeon Overview and Level Annotations

Branches:
Dungeon (3/15)

Altars:


Innate Abilities, Weirdness & Mutations

Your body is rotting away.
You thrive on raw meat.
You are immune to poison.
You have sharp fingernails.
You are carnivorous and can eat meat at any time.
Your flesh is cold resistant. (rC+)
You are immune to negative energy. (rN+++)
You do not regenerate when monsters are visible.
You are immune to unholy pain and torment.
You can survive without breathing.


Message History

The sky beast is moderately wounded.
You barely miss the sky beast.
The sky beast is moderately wounded.
The sky beast hits you. The sky beast shocks you.
You completely miss the sky beast.
The sky beast is moderately wounded.
The sky beast flickers out of sight!
Deactivating autopickup; reactivate with Ctrl-A.
Something hits you but does no damage.
You closely miss something. Something hits you. Something shocks you.
* * * LOW HITPOINT WARNING * * *
You feel very mighty all of a sudden. Something hits you.
* * * LOW HITPOINT WARNING * * *
Something shocks you.
* * * LOW HITPOINT WARNING * * *
You completely miss something. Something hits you but does no damage.
You barely miss something. Something hits you but does no damage.
You closely miss something. Something hits you.
You die...

#.......####
#......#...###
#.............
#............#
#............#
#...)))......#
#...).......##
#............#######
#.≈@(..........).<..
##.{##.......#######
##.###.÷...## #..
##...## ... ##.##
#### #.# #.# ..# ###


There were no monsters in sight!

Vanquished Creatures
  An ooze (D:2)
  3 worms (D:2)
  A dart slug (D:2)
  6 orcs (D:3)
  2 ball pythons
  2 bats
  2 giant cockroaches
  3 goblins
  5 hobgoblins (D:1)
  5 kobolds
  A quokka (D:3)
  6 frilled lizards
  6 rats
43 creatures vanquished.

Notes
Turn   | Place    | Note
-------+----------+-------------------------------------------
     0 | D:1      | ReteAZ the Ghoul Fighter began the quest for the Orb.
     0 | D:1      | Reached XP level 1. HP: 19/19 MP: 0/0
   173 | D:1      | Reached XP level 2. HP: 26/26 MP: 1/1
   817 | D:2      | Reached XP level 3. HP: 32/33 MP: 2/2
  1679 | D:3      | Reached XP level 4. HP: 36/40 MP: 3/3
  1694 | D:3      | Noticed a sky beast
  1713 | D:3      | HP: 1/40 [something (5)]
  1716 | D:3      | Slain by a sky beast

Levels and vault maps discovered:
D:1:      kennysheep_arrival_seaside, layout_loops_ring, nrook_campfire
D:2:      layout_basic, lemuel_flame_loot_1
D:3:      layout_rooms, first_ration, kennysheep_generic_room_5

Skill      XL: |  1  2  3 |
---------------+----------+-----
Unarmed Combat | 3 4 |  4.1
Fighting       | 4 |  4.0
Armour         | |  2.6
Shields        | |  2.6

Action                   |  1- 3 |  4- 6 || total
-------------------------+-------+-------++-------
Melee: Unarmed           |   150 |    28 ||   178
  Use: Potion            |       |     1 ||     1
  Eat: Chunk             |    11 |       ||    11
Armor: Scale mail        |    57 |    20 ||    77
Dodge: Dodged            |    38 |     3 ||    41
Block: Kite shield       |    53 |     6 ||    59

Table legend:
 A = Non-vault XP
 B = Vault XP
 C = Vault XP percentage of total XP
 D = Non-vault monster count
 E = Vault monster count
 F = Vault count percentage of total count
                 A         B        C        D         E       F
            +---------+---------+-------+---------+---------+-------
      Total |      92 |       0 |   0.0 |      43 |       0 |   0.0
            +---------+---------+-------+---------+---------+-------
        D:1 |      33 |       0 |   0.0 |      20 |       0 |   0.0
        D:2 |      34 |       0 |   0.0 |      12 |       0 |   0.0
        D:3 |      25 |       0 |   0.0 |      11 |       0 |   0.0
            +---------+---------+-------+---------+---------+-------
